 Dungeon Crawl Stone Soup version 0.27.1-34-g3ba077fa99 (webtiles) character file.

Game seed: 12712656274803691849

269 cbfl8 the Sneak (level 6, 0/53 HPs)
             Began as a Minotaur Delver on Jan 20, 2022.
             Slain by an orc wizard (3 damage)
             ... on level 4 of the Dungeon.
             The game lasted 00:07:16 (2555 turns).

cbfl8 the Sneak (Minotaur Delver)                   Turns: 2555, Time: 00:07:16

Health: 0/53       AC:  5    Str: 16 (18) XL:     6   Next: 1%
Magic:  5/5        EV: 11    Int:  6 (9)  God:
Gold:   119        SH:  0    Dex:  9 (12) Spells: 5/5 levels left

rFire    . . .     SeeInvis .   c - +0 rapier (venom)
rCold    + . .     Faith    .   (no shield)
rNeg     . . .     Spirit   .   o - +0 chain mail
rPois    .         Reflect  .   (helmet restricted)
rElec    .         Harm     .   (no cloak)
rCorr    .         Rampage  .   (no gloves)
Will     .....                  (no boots)
Stlth    ..........             (no amulet)
HPRegen  0.17/turn              e - +4 ring of evasion
MPRegen  0.09/turn              (no ring)

@: no status effects
A: horns 2, retaliatory headbutt, cold resistance 1, deformed body, strong 1,
wild magic 1
a: no special abilities


You were on level 4 of the Dungeon.
You visited 1 branch of the dungeon, and saw 5 of its levels.

You collected 119 gold pieces.

Inventory:

Hand Weapons
 a - a +0 hand axe
 c - a +0 rapier of venom (weapon)
Missiles
 k - 20 bolts
Armour
 b - a +0 leather armour
 o - a +0 chain mail (worn)
Magical Staves
 n - a staff of air
 r - a staff of death
Jewellery
 e - a +4 ring of evasion (left hand)
Wands
 g - a wand of digging (3)
Scrolls
 d - a scroll of magic mapping
 h - a scroll of teleportation {unknown}
 i - 3 scrolls of silence
 j - 2 scrolls of amnesia {unknown}
 l - 7 scrolls of identify {unknown}
 m - a scroll of enchant weapon {unknown}
 q - 2 scrolls of blinking {unknown}
Potions
 f - a potion of haste


   Skills:
 + Level 4.4 Fighting
 + Level 2.9 Short Blades
 + Level 3.7 Axes
 + Level 3.0 Armour
 + Level 2.7 Dodging
 + Level 4.8 Stealth


You had 5 spell levels left.
You didn't know any spells.
Your spell library was empty.

Dungeon Overview and Level Annotations

Branches:
Dungeon (5/15)
 Temple: D:4-7

Altars:
Gozag
Vehumet

Annotations:
D:2 Robin


Innate Abilities, Weirdness & Mutations

You have a pair of horns on your head.
You reflexively headbutt those who attack you in melee.
Your flesh is cold resistant. (rC+)
Armour fits poorly on your strangely shaped body.
Your muscles are strong. (Str +2)
Your spells are a little harder to cast, but a little more powerful.


Message History

The orc priest calls down the wrath of Beogh upon you.
Beogh smites you!
* * * LOW HITPOINT WARNING * * *
Something hits you but does no damage.
You hear a shout!
Unknown command.
You hit something.
You hear some strange, mumbled words.
You are confused.
Unknown command.
You closely miss something. Your headbutt misses something. Something hits you.
* * * LOW HITPOINT WARNING * * *
Unknown command.
You bump into the rock wall.
Something hits you but does no damage.
You are too confused!
It was a potion of degeneration.
There was something very wrong with that liquid.
You feel weakened.
You feel dopey.
You feel clumsy. Something hits you but does no damage.
You are too confused!
You are too confused!
You are too confused!
You are too confused!
You are too confused!
You are too confused!
You completely miss something. Something hits you but does no damage.
You are too confused!
You bump into the rock wall.
You hear some strange, mumbled words.
A puff of flame appears from out of thin air!
The puff of flame misses you.
You are too confused!
You are too confused!
You miss something. You headbutt something.
Something hits you but does no damage.
You are too confused!
You miss something.
You feel less confused. Something hits you but does no damage.
Something hits you.
You die...

#.# #.# #.# ##.##
... #.# # ##.##
....######.#.#####
......o{@.###....#
#..#.#o###.#.###.#
_.. #.## #.## #.#
#. #.#### . #....#
# ###..# ###.###
#.....#


You could see 2 orcs.

Vanquished Creatures
  A wyvern (D:4)
  Ijyb (D:4)
  2 adders
  A worm (D:2)
  2 dart slugs
  5 orcs
  9 bats
  8 endoplasms
  6 giant cockroaches
  6 goblins
  9 hobgoblins
  3 jackals (D:3)
  2 quokkas (D:2)
  4 ball pythons
  3 frilled lizards (D:1)
  3 kobolds
  5 rats
70 creatures vanquished.

Notes
Turn   | Place    | Note
-------+----------+-------------------------------------------
     0 | D:5      | cbfl8 the Minotaur Delver began the quest for the Orb.
     0 | D:5      | Reached XP level 1. HP: 19/19 MP: 0/0
   169 | D:1      | Reached XP level 2. HP: 25/27 MP: 1/1
   771 | D:1      | Reached XP level 3. HP: 33/33 MP: 2/2
  1783 | D:2      | Found a faded altar of an unknown god.
  1865 | D:2      | Noticed Robin
  1877 | D:2      | Reached skill level 1 in Armour
  1978 | D:3      | Reached XP level 4. HP: 39/40 MP: 3/3
  2312 | D:3      | Reached skill level 1 in Short Blades
  2471 | D:4      | Found an opulent altar of Gozag.
  2514 | D:4      | Noticed a wyvern
  2515 | D:4      | Found a radiant altar of Vehumet.
  2515 | D:4      | Noticed Ijyb
  2521 | D:4      | Killed a wyvern
  2522 | D:4      | Reached XP level 5. HP: 27/47 MP: 4/4
  2529 | D:4      | Killed Ijyb
  2535 | D:4      | Gained mutation: Your muscles are strong. (Str +2) [potion
                  | of mutation]
  2535 | D:4      | Gained mutation: Your flesh is cold resistant. (rC+)
                  | [potion of mutation]
  2535 | D:4      | Gained mutation: Armour fits poorly on your strangely
                  | shaped body. [potion of mutation]
  2535 | D:4      | Gained mutation: Your spells are a little harder to cast,
                  | but a little more powerful. [potion of mutation]
  2543 | D:4      | Reached XP level 6. HP: 27/53 MP: 5/5
  2549 | D:4      | HP: 2/53 [something (2)]
  2555 | D:4      | Slain by an orc wizard

Illustrated notes

Levels and vault maps discovered:
D:1:      eino_arrival_water_cross, layout_basic, roderic_lattice_a
D:2:      layout_loops_cross, ebering_ecumenical_altar_hall, minmay_vboxes,
          uniq_natasha, uniq_robin
D:3:      layout_rooms
D:4:      layout_loops_ring, nicolae_gozag_cash_rules_everything_around_me,
          lemuel_crystal_altar, uniq_ijyb, uniq_menkaure,
          uniq_crazy_yiuf_cottage
D:5:      layout_cave_pools, mainiacjoe_overflow_paths, serial_column_ruins,
          column_ruins_hut, column_ruins_hut_ruined,
          column_ruins_columns_straight, column_ruins_columns_dead_end,
          column_ruins_open_small, column_ruins_corridor_straight,
          column_ruins_open_tiny, chequers_decorated_corner

Skill      XL: |  1  2  3  4  5 |
---------------+----------------+-----
Axes           | 3 |  3.7
Fighting       | 4 |  4.4
Armour         | 1 2 3 |  3.0
Short Blades   | 2 |  2.9
Dodging        | |  2.7
Stealth        | |  4.8

Action                   |  1- 3 |  4- 6 || total
-------------------------+-------+-------++-------
Melee: Hand axe          |    86 |       ||    86
       Headbutt          |    11 |     9 ||    20
       Rapier            |    10 |    54 ||    64
  Use: Scroll            |     3 |     1 ||     4
       Potion            |       |     2 ||     2
 Stab: Sleeping          |     9 |       ||     9
Armor: Leather armour    |    35 |       ||    35
       Chain mail        |     3 |    32 ||    35
Dodge: Dodged            |    77 |    28 ||   105
